 Dungeon Crawl Stone Soup version 0.19-a0-1670-gc28a5d9 (webtiles) character file.

88862 Hennin the Thaumaturge (level 15, -53/92 HPs)
             Began as a Gargoyle Earth Elementalist on Sept 22, 2016.
             Was a High Priest of Vehumet.
             Killed by a reflected iron shot
             ... reflected by Donald
             ... on level 1 of the Orcish Mines.
             The game lasted 01:55:18 (34077 turns).

Hennin the Thaumaturge (GrEE)                      Turns: 34077, Time: 01:55:18

Health: -53/92     AC: 23    Str: 18    XL:     15   Next: 95%
Magic:  7/40       EV: 19    Int: 25    God:    Vehumet [*****.]
Gold:   1881       SH:  0    Dex:  8    Spells: 8 memorised, 5 levels left

rFire  . . .     SeeInvis .     k - +2 quarterstaff of the Forgotten Lives {drain, rElec Str+6 Int+3}
rCold  + . .     Gourm    .     F - +2 robe {MR+}
rNeg   + . .     Faith    .     (shield currently unavailable)
rPois  ∞         Spirit   .     H - +1 helmet
rElec  +         Dismiss  .     a - +1 cloak
rCorr  .         Reflect  .     o - +1 pair of gloves
MR     ++...     Harm     .     (no boots)
Stlth  ++........               (no amulet)
                                M - +4 ring of evasion
                                G - ring of magical power

@: flying
A: big wings, clumsy 1, cold resistance 1, negative energy resistance 1,
electricity resistance, wild magic 1, unbreathing, petrification resistance, rot
immunity, AC +11
a: Stop Flying, Renounce Religion


You were on level 1 of the Orcish Mines.
You worshipped Vehumet.
Vehumet was extremely pleased with you.
You were not hungry.

You visited 4 branches of the dungeon, and saw 24 of its levels.
You also visited: Sewer.

You collected 1881 gold pieces.

Inventory:

Hand Weapons
 k - the +2 quarterstaff of the Forgotten Lives (weapon) {drain, rElec Str+6 Int+3}
   (You found it on level 6 of the Lair of Beasts)

   A truly terrible weapon, it drains the life of those it strikes.
   It affects your strength (+6).
   It affects your intelligence (+3).
   It insulates you from electricity.
 E - the +5 whip "Roniext" {slash, Dex+6 Stlth-}
   (You found it on level 2 of the Lair of Beasts)

   It inflicts extra damage upon your enemies.
   It affects your dexterity (+6).
   It makes you less stealthy.
Missiles
 c - 69 stones (quivered)
Armour
 a - a +1 cloak (worn)
 o - a +1 pair of gloves (worn)
 F - a +2 robe of magic resistance (worn)
 H - a +1 helmet (worn)
Magical Staves
 C - an uncursed staff of energy
Jewellery
 G - a ring of magical power (left hand)
 M - a +4 ring of evasion (right hand)
 O - an uncursed ring of magical power
Wands
 e - a wand of disintegration (3/24)
 g - a wand of iceblast (5/15)
 m - a wand of teleportation (2/9)
 w - a wand of disintegration (20/24)
 A - a wand of digging (6/24)
 S - a wand of lightning (8/15)
 T - a wand of acid (8/15)
 X - a wand of enslavement (9/24)
Scrolls
 f - 3 scrolls of immolation
 h - 12 scrolls of identify
 i - a scroll of amnesia
 j - 11 scrolls of remove curse
 l - 5 scrolls of teleportation
 t - 3 scrolls of magic mapping
 v - a scroll of fog
 L - 4 scrolls of recharging
 P - 3 scrolls of fear
Potions
 b - a potion of might
 n - 2 potions of brilliance
 q - a potion of cancellation
 s - 2 potions of ambrosia
 z - 4 potions of lignification
Comestibles
 p - 5 meat rations
 I - 3 bread rations
 J - 5 royal jellies


   Skills:
 + Level 10.0 Fighting
 + Level 9.1 Maces & Flails
 + Level 9.5 Armour
 + Level 7.5 Dodging
 - Level 2.1 Stealth
 * Level 12.7 Spellcasting
 + Level 11.0 Conjurations
   Level 0.7 Transmutations
 * Level 10.1 Fire Magic
 + Level 12.1 Earth Magic


You had 5 spell levels left.
You knew the following spells:

 Your Spells              Type           Power        Failure   Level  Hunger
a - Sandblast             Erth           ######       1%          1    None
b - Stone Arrow           Conj/Erth      ######       1%          3    None
c - Lee's Rapid Deconstr  Erth           #######...   1%          5    ###....
d - Bolt of Magma         Conj/Fire/Erth #######...   1%          5    ###....
e - Iron Shot             Conj/Erth      #######...   2%          6    #####..
f - Mephitic Cloud        Conj/Pois/Air  #####...     1%          3    None
g - Bolt of Fire          Conj/Fire      ######....   4%          6    #####..
h - Fireball              Conj/Fire      ######....   1%          5    ###....


Dungeon Overview and Level Annotations

Branches:
Dungeon (15/15)            Temple (1/1) D:6            Lair (6/6) D:11
 Shoals (0/4) Lair:3       Spider (0/4) Lair:2        Slime (0/5) Lair:6
    Orc (2/2) D:10         Vaults (0/5) D:13         Depths (0/5) D:15
    Elf: Orc:2

Altars:
Ashenzari
Cheibriados
Dithmenos
Elyvilon
Fedhas
Gozag
Hepliaklqana
Kikubaaqudgha
Makhleb
Nemelex Xobeh
Okawaru
Qazlal
Ru
Sif Muna
Trog
Uskayaw
Vehumet
Xom
Yredelemnul
Zin
The Shining One

Shops:
D:12 %((

Annotations:
Orc:1 Donald


Innate Abilities, Weirdness & Mutations

You are resistant to torment.
Your stone body is resilient. (AC +11)
You are immune to poison.
Your large and strong wings let you fly indefinitely.
You resist negative energy. (rN+)
You are resistant to electric shocks. (rElec)
You can survive without breathing.
You are immune to petrification.
You are immune to rotting.
You are clumsy. (Dex -2)
Your flesh is cold resistant. (rC+)
Your spells are a little harder to cast, but a little more powerful.


Message History

You fly upwards.
There is a stone staircase leading down here.
Unknown command.
Casting: Iron Shot
Confirm with . or Enter, or press ? or * to list all spells.
Aiming: Iron Shot
Press: ? - help, Shift-Dir - straight line, f - Donald
Aim: Donald, wielding a broad axe, wearing a chain mail and wearing a shield of reflection (severely wounded, fast, unusually strong) Donald reflects the iron shot off his shield of reflection!
The iron shot misses you.
Donald casts a spell.
Casting: Iron Shot
Confirm with . or Enter, or press ? or * to list all spells.
Aiming: Iron Shot
Press: ? - help, Shift-Dir - straight line, f/p - Donald
Aim: Donald, wielding a broad axe, wearing a chain mail and wearing a shield of reflection (severely wounded, fast, unusually strong) Donald reflects the iron shot off his shield of reflection!
The iron shot hits you!
Ouch! That really hurt!
You die...

#....#######
##.....#..#.###
#.............##
#####..............#
##.#.#......#.##.#.##
#.....#...........##
##.............#.## ###
##.............#.## #.##
#####..@....###.....#
#..####.#[[...@......#...##
#...##...[[..............#
#).........)...##.......##
#.#.....[[)....###..#.###
#(###.[.........#.....##
#.###)..........##.....#
##[##.)[........######.##
#.).(....#......# ###


You could see Donald.

Vanquished Creatures
  Kirke (D:12)
  Agnes (D:14)
  An orc warlord (Orc:1)
  Nessos (D:14)
  An ogre mage (D:13)
  3 hydras
  The ghost of Drak the Geomancer, a journeyman GrEE of Vehumet (Lair:1)
  A catoblepas (Lair:6)
  Erica (Orc:1)
  3 centaur warriors
  A deep troll shaman (Lair:6)
  11 death yaks
  4 tengu warriors
  A deep elf knight (D:13)
  2 unseen horrors
  A glowing orange brain (D:15)
  A lindwurm (Lair:6)
  The ghost of runewalsh the Frost Mage, a novice OpIE of the Shining One (D:8)
  5 hill giants
  12 ugly things
  2 orc knights
  4 manticores
  A wolf spider (Lair:2)
  4 cyclopes
  5 deep elf magi
  5 black mambas
  10 elephants (Lair:6)
  2 molten gargoyles (D:14)
  A torpor snail (Lair:2)
  A gargoyle (D:15)
  Psyche (D:9)
  9 spiny frogs
  3 yaktaurs (D:13)
  7 komodo dragons
  4 efreet
  A rime drake (Lair:3)
  5 trolls
  6 meliai (D:13)
  3 jumping spiders (Lair:2)
  A queen bee (D:13)
  2 polar bears (Lair:6)
  2 queen bees (shapeshifter) (D:15)
  Grinder (D:4)
  4 two-headed ogres
  17 blink frogs
  9 slime creatures (D:15)
  17 hippogriffs
  A meliai zombie (D:14)
  A redback (Lair:2)
  2 wraiths
  A shadow (D:14)
  50 yaks
  A basilisk (Lair:6)
  A steam dragon (D:9)
  A hog (D:12)
  2 hungry ghosts
  A golden eye (shapeshifter) (D:15)
  A mottled dragon (D:13)
  4 vampire mosquitoes (D:13)
  2 wargs
  7 water moccasins
  11 porcupines
  17 orc warriors
  A black bear (D:7)
  4 ice beasts
  A sky beast (D:14)
  A necrophage (D:6)
  3 phantoms
  An eye of draining (D:8)
  A wasp (D:12)
  7 ogres
  An eye of draining (shapeshifter) (D:15)
  11 centaurs
  6 wolves (Lair:6)
  13 crocodiles
  A gnoll sergeant (D:10)
  A big kobold (D:7)
  26 bullfrogs
  A wyvern zombie (D:9)
  7 scorpions
  16 killer bees
  An electric eel (Lair:5)
  14 wights
  11 crimson imps
  2 quasits
  2 bullfrog zombies
  10 centaur skeletons
  5 jellies
  10 orc priests
  3 bullfrog skeletons
  4 hounds
  16 orc wizards
  A hell rat (D:11)
  16 iguanas
  14 worker ants
  2 hound zombies
  18 gnolls
  18 adders
  A howler monkey skeleton (D:6)
  49 river rats
  5 shadow imps
  An adder zombie (D:7)
  An adder skeleton (D:8)
  3 worms
  2 dart slugs (D:1)
  6 leopard geckos
  73 orcs
  4 bats
  16 giant cockroaches
  9 goblins
  9 hobgoblins
  11 jackals
  7 kobolds
  4 quokkas
  4 ball pythons
  10 frilled lizards
  2 leopard gecko zombies
  9 rats
  2 fungi (Lair:6)
  A plant (D:12)
761 creatures vanquished.

Vanquished Creatures (collateral kills)
  A killer bee (D:13)
1 creature vanquished.

Vanquished Creatures (others)
  A centaur warrior (D:14)
  A killer bee (D:13)
  21 fungi
  23 plants
46 creatures vanquished.

Grand Total: 808 creatures vanquished

Notes
Turn   | Place    | Note
-------+----------+-------------------------------------------
     0 | D:1      | Hennin the Gargoyle Earth Elementalist began the quest for the Orb.
     0 | D:1      | Reached XP level 1. HP: 10/10 MP: 3/3
   168 | D:1      | Reached XP level 2. HP: 15/15 MP: 3/5
   757 | D:1      | Reached XP level 3. HP: 18/19 MP: 6/6
   762 | D:1      | Learned a level 3 spell: Stone Arrow
  1299 | D:2      | Reached skill level 1 in Conjurations
  1299 | D:2      | Reached XP level 4. HP: 16/24 MP: 8/8
  1544 | D:2      | You fall through a shaft for 2 floors!
  1633 | D:4      | Noticed a phantom
  1640 | D:4      | Noticed an ogre
  1656 | D:4      | Gained mutation: You are clumsy. (Dex -2) [potion of mutation]
  1656 | D:4      | Gained mutation: Your flesh is cold resistant. (rC+) [potion of mutation]
  1656 | D:4      | Gained mutation: Your spells are a little harder to cast, but a little more powerful. [potion of mutation]
  1703 | D:4      | Killed an ogre
  1703 | D:4      | Reached skill level 5 in Earth Magic
  1703 | D:4      | Reached XP level 5. HP: 8/28 MP: 2/10
  1994 | D:4      | Learned a level 5 spell: Lee's Rapid Deconstruction
  2303 | D:3      | Reached XP level 6. HP: 32/32 MP: 12/12
  2420 | D:3      | Found a glowing drain.
  2426 | Sewer    | Entered a sewer
  3851 | D:4      | Reached skill level 5 in Spellcasting
  3851 | D:4      | Reached XP level 7. HP: 26/36 MP: 1/14
  4354 | D:4      | Noticed Grinder
  4358 | D:4      | Killed Grinder
  4364 | D:4      | Reached XP level 8. HP: 41/41 MP: 3/16
  4937 | D:4      | Found a basalt altar of Yredelemnul.
  5159 | D:5      | Entered Level 5 of the Dungeon
  5274 | D:5      | Reached skill level 1 in Fighting
  5322 | D:5      | Reached skill level 5 in Conjurations
  5730 | D:5      | Reached skill level 1 in Armour
  5738 | D:5      | Reached skill level 1 in Maces & Flails
  6496 | D:6      | Reached XP level 9. HP: 11/49 MP: 8/19
  7414 | D:6      | Found a staircase to the Ecumenical Temple.
  7423 | Temple   | Entered the Ecumenical Temple
  7556 | Temple   | Became a worshipper of Vehumet
  7677 | D:6      | Found a shadowy altar of Dithmenos.
  7680 | D:6      | Found a hide-covered altar of Uskayaw.
  7985 | D:7      | Noticed a cyclops
  7989 | D:7      | Killed a cyclops
  8497 | D:7      | Reached XP level 10. HP: 50/56 MP: 14/21
  8606 | D:7      | Found a shimmering altar of Xom.
  8616 | D:7      | Found a glowing golden altar of the Shining One.
  9061 | D:7      | Reached * piety under Vehumet
  9061 | D:7      | Offered knowledge of Shock by Vehumet.
 10235 | D:8      | Noticed runewalsh's ghost (novice OpIE)
 10254 | D:8      | Killed runewalsh's ghost
 11567 | D:9      | Noticed Psyche
 11677 | D:9      | Killed Psyche
 11677 | D:9      | Reached ** piety under Vehumet
 11677 | D:9      | Reached skill level 5 in Fighting
 12022 | D:9      | Found a snail-covered altar of Cheibriados.
 12029 | D:9      | Offered knowledge of Freeze by Vehumet.
 12315 | D:9      | Noticed a hill giant
 12321 | D:9      | Killed a hill giant
 12321 | D:9      | Reached XP level 11. HP: 63/63 MP: 11/24
 12648 | D:10     | Entered Level 10 of the Dungeon
 13791 | D:10     | Found a staircase to the Orcish Mines.
 14100 | D:11     | Learned a level 5 spell: Bolt of Magma
 14137 | D:11     | Noticed a cyclops
 14143 | D:11     | Killed a cyclops
 14143 | D:11     | Reached skill level 5 in Maces & Flails
 14202 | D:11     | Found a staircase to the Lair.
 14226 | D:11     | Offered knowledge of Throw Flame by Vehumet.
 14226 | D:11     | Reached skill level 1 in Fire Magic
 14258 | D:11     | Noticed a death yak
 14272 | D:11     | Killed a death yak
 14275 | D:11     | Reached skill level 5 in Armour
 14544 | D:11     | Reached *** piety under Vehumet
 14682 | D:11     | Learned a level 6 spell: Iron Shot
 15417 | Lair:1   | Entered Level 1 of the Lair of Beasts
 15762 | Lair:1   | Offered knowledge of Mephitic Cloud by Vehumet.
 15767 | Lair:1   | Learned a level 3 spell: Mephitic Cloud
 16212 | Lair:1   | Noticed an eight-headed hydra
 16736 | Lair:1   | Noticed Drak's ghost (journeyman GrEE)
 16742 | Lair:1   | Killed Drak's ghost
 16742 | Lair:1   | Reached skill level 10 in Spellcasting
 16742 | Lair:1   | Reached XP level 12. HP: 70/70 MP: 9/26
 16941 | Lair:1   | Killed an eight-headed hydra
 16941 | Lair:1   | Reached skill level 5 in Dodging
 17366 | Lair:1   | Reached skill level 10 in Earth Magic
 17838 | Lair:2   | Noticed an eight-headed hydra
 17843 | Lair:2   | Killed an eight-headed hydra
 17984 | Lair:2   | Reached **** piety under Vehumet
 18282 | Lair:2   | Offered knowledge of Conjure Flame by Vehumet.
 18378 | Lair:2   | Noticed an eight-headed hydra
 18388 | Lair:2   | Killed an eight-headed hydra
 18388 | Lair:2   | Reached skill level 5 in Fire Magic
 18771 | Lair:2   | Found a hole to the Spider Nest.
 19687 | Lair:2   | Got an ancient whip
 19688 | Lair:2   | Identified the +5 whip "Roniext" {slash, Dex+6 Stlth-} (You found it on level 2 of the Lair of Beasts)
 19876 | Lair:3   | Noticed a death yak
 19898 | Lair:3   | Killed a death yak
 19898 | Lair:3   | Reached XP level 13. HP: 68/76 MP: 27/27
 21098 | Lair:2   | Reached ***** piety under Vehumet
 21207 | Lair:3   | Offered knowledge of Bolt of Fire by Vehumet.
 21622 | Lair:3   | Found a staircase to the Shoals.
 22483 | Lair:4   | Learned a level 6 spell: Bolt of Fire
 23466 | Lair:4   | Found a hide-covered altar of Uskayaw.
 24530 | Lair:6   | Entered Level 6 of the Lair of Beasts
 24579 | Lair:6   | Gained mutation: Your large and strong wings let you fly indefinitely. [Gargoyle growth]
 24579 | Lair:6   | Reached XP level 14. HP: 77/84 MP: 29/29
 25686 | Lair:6   | Got a transparent quarterstaff
 25694 | Lair:6   | Identified the cursed +2 quarterstaff of the Forgotten Lives {drain, rElec Str+6 Int+3} (You found it on level 6 of the Lair of Beasts)
 25729 | Lair:6   | Found a staircase to the Slime Pits.
 26636 | Lair:2   | Learned a level 5 spell: Fireball
 26884 | D:12     | Got a fine scale mail
 26885 | D:12     | Identified the +1 scale mail of Aruel {+Inv rF+} (You found it on level 12 of the Dungeon)
 27054 | D:12     | Found Epauputz's Weapon Shoppe.
 27092 | D:12     | Offered knowledge of Airstrike by Vehumet.
 27100 | D:12     | Found Comoit's Antique Weapon Shoppe.
 27106 | D:12     | Noticed Kirke
 27111 | D:12     | Killed Kirke
 27111 | D:12     | Reached skill level 10 in Conjurations
 27213 | D:12     | Found Asyossoca's Food Boutique.
 28709 | D:13     | Found a gate to the Vaults.
 28760 | D:13     | Reached XP level 15. HP: 75/90 MP: 31/31
 29319 | D:13     | Offered knowledge of Conjure Ball Lightning by Vehumet.
 30595 | D:14     | Noticed Nessos
 30608 | D:14     | Killed Nessos
 30807 | D:14     | Noticed Agnes
 30819 | D:14     | Killed Agnes
 31623 | D:15     | Entered Level 15 of the Dungeon
 31642 | D:15     | Found a blossoming altar of Fedhas.
 31727 | D:15     | Found a snail-covered altar of Cheibriados.
 32353 | D:15     | Reached skill level 10 in Fire Magic
 32443 | D:15     | Found a staircase to the Depths.
 33183 | Orc:1    | Entered Level 1 of the Orcish Mines
 33289 | Orc:1    | Noticed Erica
 33296 | Orc:1    | Killed Erica
 33496 | Orc:1    | Offered knowledge of Delayed Fireball by Vehumet.
 33500 | Orc:1    | Noticed an orc warlord
 33513 | Orc:1    | Killed an orc warlord
 33513 | Orc:1    | Reached skill level 10 in Fighting
 34069 | Orc:2    | Entered Level 2 of the Orcish Mines
 34069 | Orc:2    | Noticed Donald
 34077 | Orc:1    | Killed by a reflected iron shot ... reflected by Donald

Vault maps used:
D:1:      saegor_arrival_under_anarchy
D:2:      first_bread
D:3:      lightli_sewer_entry_pipes
D:4:      yredelemnul_altar_generic, grunt_ministairs_13, uniq_grinder
D:6:      grunt_temple_overflow_open, kennysheep_boxes
D:7:      amethyst_overflow_temple_binary
D:9:      cheibriados_altar_1, serial_glass, glass_columns_a, glass_columns_a,
          uniq_psyche
D:10:     orc_0_dummy
D:11:     dpeg_lair_monsters
D:12:     serial_shops, shop, nicolae_shop_overgrown_old_shop,
          nicolae_shop_behind_doors, uniq_kirke
D:13:     hangedman_vaults_entry_quadrant_bands, david_nohive_1
D:14:     lemuel_flame_loot_2, uniq_nessos, uniq_agnes
D:15:     gammafunk_enter_depths_forms, fedhas_altar_3, basic_altar
Temple:   regret_index_temple_generic_petals
Lair:2:   spider_nest_entry_funnel_web, infiniplex_staircase_pool_2,
          lemuel_fruit_fields
Lair:3:   minmay_shoals_entry_beasts
Lair:4:   lemuel_centaur_altar
Lair:5:   lemuel_fruit_tree
Lair:6:   grunt_lair_end_beastmaster, dpeg_slime_entry_corner,
          grunt_megastairs_1
Orc:1:    nicolae_orc_tapped_out, uniq_erica
Orc:2:    grunt_orc_tribal_feast, nicolae_orc_rockfall, uniq_donald
Sewer:    sewer_frog_island_01

Skill      XL: |  1  2  3  4  5  6  7  8  9 10 11 12 13 14 15 |
---------------+----------------------------------------------+-----
Earth Magic    | 4 5 6 7 8 9 10 11 12 | 12.1
Spellcasting   | 3 4 5 6 7 9 10 11 12 | 12.7
Conjurations   | 1 2 3 4 5 6 7 8 9 10 11 | 11.0
Fighting       | 2 3 5 6 7 8 9 10 | 10.0
Armour         | 1 2 4 5 6 7 8 9 |  9.5
Maces & Flails | 1 3 4 5 6 7 8 9 |  9.1
Dodging        | 2 3 4 5 6 7 |  7.5
Fire Magic     | 3 5 7 9 10 | 10.1
Stealth        | |  2.1
Transmutations | |  0.7

Action                   |  1- 3 |  4- 6 |  7- 9 | 10-12 | 13-15 || total
-------------------------+-------+-------+-------+-------+-------++-------
Melee: Dagger            |    77 |       |       |       |       ||    77
       Club              |     4 |       |       |       |       ||     4
       Rapier            |    21 |   165 |   331 |   482 |       ||   999
       Whip              |       |       |       |    17 |   507 ||   524
       Quarterstaff      |       |       |       |       |   697 ||   697
       Staff             |       |       |       |       |     9 ||     9
 Cast: Sandblast         |    22 |       |       |     1 |       ||    23
       Stone Arrow       |       |    18 |    42 |   165 |    79 ||   304
       Lee's Rapid Decon |       |       |     9 |    40 |    77 ||   126
       Bolt of Magma     |       |       |       |    34 |    68 ||   102
       Iron Shot         |       |       |       |     4 |    48 ||    52
       Mephitic Cloud    |       |       |       |     3 |     7 ||    10
       Bolt of Fire      |       |       |       |       |     1 ||     1
       Fireball          |       |       |       |       |    15 ||    15
 Abil: Fly               |       |       |       |       |     1 ||     1
Evoke: Wand              |       |       |     1 |     1 |     3 ||     5
       Phantom mirror    |       |       |       |       |     1 ||     1
  Use: Potion            |       |     2 |     1 |     6 |    10 ||    19
       Scroll            |       |    11 |     4 |    12 |    13 ||    40
 Stab: Sleeping          |       |     3 |     4 |     1 |       ||     8
       Distracted        |       |     1 |       |       |       ||     1
       Confused          |       |       |       |       |     2 ||     2
  Eat: Chunk             |     2 |     1 |    13 |    42 |    45 ||   103
       Bread ration      |       |     1 |       |     1 |       ||     2
       Meat ration       |       |     1 |       |     1 |     1 ||     3
       Fruit             |       |       |     5 |       |    20 ||    25
       Royal jelly       |       |       |       |     1 |     3 ||     4
       Pizza             |       |       |       |       |     1 ||     1
       Beef jerky        |       |       |       |       |     4 ||     4
Armor: Robe              |    46 |    63 |   155 |   310 |   538 ||  1112
Dodge: Dodged            |    91 |   108 |   249 |   488 |  1259 ||  2195
